[Event "Titled Tuesday Blitz March 01 Late 2022"]
[White "Indjic, Aleksandar"]
[Black "Seo, Jung Min"]
[WhiteFideId "911925"]
[BlackFideId "1734687"]
[WhiteElo "2616"]
[BlackElo "2401"]
[Result "1-0"]
[Round "04"]
[TimeControl "180+1"]
[Date "2022.03.01"]
[WhiteClock "0:00:40"]
[BlackClock "0:01:07"]

1. d4 Nf6 2. Nf3 g6 3. Bg5 Bg7 4. Nbd2 d6 5. c3 Kf8 6. e4 h6 7. Bh4 g5 8. Bg3 Nh5 9. Nc4 Nxg3 10. hxg3 e6 11. Nfd2 Nd7 12. Ne3 c5 13. d5 Nb6 14. dxe6 Bxe6 15. f4 gxf4 16. gxf4 d5 17. e5 d4 18. Nec4 Nxc4 19. Bxc4 dxc3 20. bxc3 Qd7 21. Bxe6 Qxe6 22. Ne4 b6 23. O-O h5 24. Ng5 Qf5 25. Qd5 Re8 26. Rad1 Bh6 27. Ne4 Qe6 28. Nf6 Qxd5 29. Rxd5 Re7 30. Rd8+ Kg7 31. Nxh5+ Kh7 32. Nf6+ Kg7 33. Rxh8 Kxh8 34. g3 Bg7 35. Nd5 Rd7 36. Rd1 b5 37. Kf2 b4 38. Ke3 a5 39. Ke4 Bf8 40. Rh1+ Kg7 41. Nf6 Rd2 42. Rh7+ Kg6 43. f5+ Kg5 44. Rh5# 1-0


[Site "https://www.chess.com"]

[Event "Titled Tuesday Blitz March 01 Late 2022"]
[White "Iskusnyh, Sergei"]
[Black "Renjith, Sravan"]
[WhiteFideId "4120027"]
[BlackFideId "4306783"]
[WhiteElo "2677"]
[BlackElo "2084"]
[Result "1-0"]
[Round "04"]
[TimeControl "180+1"]
[Date "2022.03.02"]
[WhiteClock "0:00:16"]
[BlackClock "0:00:02"]

1. d4 d5 2. c4 e6 3. Nf3 c5 4. cxd5 exd5 5. g3 Nc6 6. Bg2 Nf6 7. O-O Be7 8. dxc5 Bxc5 9. a3 a6 10. b4 Ba7 11. Nc3 d4 12. Na4 O-O 13. Bb2 Re8 14. Rc1 Bf5 15. Nc5 d3 16. exd3 Bxc5 17. Rxc5 Qxd3 18. Bxf6 gxf6 19. Qc1 Be4 20. Rd1 Qe2 21. Re1 Qd3 22. Rc3 Qd5 23. Rce3 Re6 24. Bh3 f5 25. Ng5 Re5 26. Nxe4 fxe4 27. Bg2 Rae8 28. Rc3 f5 29. Qg5+ Kf7 30. Qh5+ Kg7 31. Qg5+ Kf7 32. Bf1 Rg8 33. Qh6 Qe6 34. Bc4 1-0


[Site "https://www.chess.com"]

[Event "Titled Tuesday Blitz March 01 Late 2022"]
[White "Jakubowska, Anna"]
[Black "Cagara, Paulina"]
[WhiteFideId "1121952"]
[BlackFideId "1124870"]
[WhiteElo "1924"]
[BlackElo "1828"]
[Result "1-0"]
[Round "04"]
[TimeControl "180+1"]
[Date "2022.03.02"]
[WhiteClock "0:01:20"]
[BlackClock "0:00:32"]

1. e4 c6 2. d3 d5 3. Nd2 e5 4. g3 Nf6 5. Bg2 Be6 6. f4 exf4 7. gxf4 Bg4 8. Ngf3 dxe4 9. dxe4 Bc5 10. Qe2 O-O 11. Nb3 Nxe4 12. Qxe4 Re8 13. Ne5 Qh4+ 14. Kd2 Qf2+ 15. Kc3 Na6 16. Nxg4 Qh4 17. Nxc5 Rxe4 18. Nxe4 Qxg4 19. Rg1 b5 20. Be3 Rd8 21. Nf6+ gxf6 22. Be4 Qxg1 23. Rxg1+ Kf8 24. a3 Ke7 25. Bxa7 c5 26. Bb7 b4+ 27. Kb3 c4+ 28. Kxc4 Rd7 29. Bxa6 Rxa7 30. Kb5 bxa3 31. bxa3 Rc7 32. c4 f5 33. c5 Ke6 34. Rd1 1-0


[Site "https://www.chess.com"]

[Event "Titled Tuesday Blitz March 01 Late 2022"]
[White "Jaracz, Pawel"]
[Black "Adewumi, Tanitoluwa"]
[WhiteFideId "1102222"]
[BlackFideId "30966396"]
[WhiteElo "2429"]
[BlackElo "2552"]
[Result "1-0"]
[Round "04"]
[TimeControl "180+1"]
[Date "2022.03.01"]
[WhiteClock "0:00:21"]
[BlackClock "0:00:09"]

1. e4 c6 2. d4 d5 3. e5 Bf5 4. Nd2 e6 5. Nb3 Nd7 6. Nf3 Ne7 7. Be2 Bg6 8. O-O a5 9. a4 Nf5 10. Bd2 Qb6 11. g4 Ne7 12. Be3 h5 13. h3 hxg4 14. hxg4 Be4 15. Nbd2 Bxf3 16. Nxf3 Ng6 17. Kg2 c5 18. c3 c4 19. Rb1 Qc6 20. b3 Nb6 21. bxc4 dxc4 22. Kg3 Nd5 23. Qc2 Be7 24. Rh1 Rxh1 25. Rxh1 Kd7 26. Rh7 Rg8 27. Nd2 Nxe3 28. fxe3 Bh4+ 29. Kh2 Bg5 30. Bf3 Qc7 31. Qe4 Kc8 32. Kg3 f5 33. gxf5 Ne7 34. fxe6 Bxe3 35. Nxc4 Bh6 36. d5 Qc5 37. d6 Qg1+ 38. Bg2 Rf8 39. Qxb7+ Kd8 40. Qd7# 1-0


[Site "https://www.chess.com"]

[Event "Titled Tuesday Blitz March 01 Late 2022"]
[White "Jobava, Baadur"]
[Black "Mardov, Dimitar"]
[WhiteFideId "13601520"]
[BlackFideId "30919495"]
[WhiteElo "2617"]
[BlackElo "2185"]
[Result "1-0"]
[Round "04"]
[TimeControl "180+1"]
[Date "2022.03.01"]
[WhiteClock "0:01:29"]
[BlackClock "0:00:30"]

1. b3 e5 2. Bb2 Nc6 3. Nf3 e4 4. Nd4 d5 5. e3 Nf6 6. c4 Nxd4 7. Bxd4 c5 8. Bxf6 Qxf6 9. Nc3 dxc4 10. Bxc4 Qe5 11. f4 exf3 12. Qxf3 f6 13. O-O Bd6 14. g3 h5 15. d4 cxd4 16. exd4 Qxd4+ 17. Kg2 Be5 18. Rae1 Kf8 19. Rd1 Bh3+ 20. Kxh3 Qg4+ 21. Kg2 1-0


[Site "https://www.chess.com"]

[Event "Titled Tuesday Blitz March 01 Late 2022"]
[White "Karttunen, Mika"]
[Black "Svane, Rasmus"]
[WhiteFideId "502081"]
[BlackFideId "4657101"]
[WhiteElo "2343"]
[BlackElo "2645"]
[Result "0-1"]
[Round "04"]
[TimeControl "180+1"]
[Date "2022.03.01"]
[WhiteClock "0:00:03"]
[BlackClock "0:00:07"]

1. e4 c6 2. d4 d5 3. exd5 cxd5 4. Bd3 Nc6 5. c3 Nf6 6. h3 e5 7. dxe5 Nxe5 8. Bc2 Bd6 9. Nf3 Nc6 10. O-O O-O 11. Be3 Re8 12. Nbd2 Bc7 13. Nb3 Qd6 14. Bc5 Qd8 15. Re1 Ne4 16. Be3 Qd6 17. Bxe4 Rxe4 18. Bc5 Qg6 19. Qxd5 Bxh3 20. Qg5 Rg4 21. Qxg6 Rxg6 22. g3 f5 23. Nh4 Rh6 24. Ng2 g5 25. Nd2 Rd8 26. Nf3 Rg6 27. Rad1 f4 28. Rxd8+ Bxd8 29. Ne5 Re6 30. Nf3 Rxe1+ 31. Ngxe1 fxg3 32. fxg3 Be6 33. a3 Kf7 34. Bd4 Kg6 35. Be3 Kf5 36. Kf2 h6 37. Nd3 Bd5 38. Nc5 b6 39. Nd3 Bf6 40. Nd2 Na5 41. Nb4 Bb7 42. Nd3 Bd5 43. Nb4 Be6 44. Nd3 Nc4 45. Nxc4 Bxc4 46. Nb4 Bb5 47. Nc2 Ke4 48. Nd4 Bd7 49. Ne2 Kd3 50. Bd4 Be7 51. Bg7 h5 52. Nd4 h4 53. gxh4 gxh4 54. Be5 h3 55. Kg3 Bg5 56. Bb8 a6 57. Bc7 b5 58. Bd6 Bc1 59. Nb3 Bc8 60. Nc5+ Kc2 61. b4 Kxc3 62. a4 Kc4 63. axb5 axb5 64. Ne4 Ba3 65. Nd2+ Kd5 66. Bf8 Bb2 67. Nf3 Bc3 68. Be7 Bd7 69. Bf8 Bc8 70. Be7 Kc4 71. Bf8 Bxb4 72. Bxb4 Kxb4 73. Nd4 Kc4 74. Ne2 b4 0-1


[Site "https://www.chess.com"]

[Event "Titled Tuesday Blitz March 01 Late 2022"]
[White "Kevlishvili, Robby"]
[Black "Vusatiuk, Vladimir"]
[WhiteFideId "1040634"]
[BlackFideId "14118610"]
[WhiteElo "2584"]
[BlackElo "2157"]
[Result "1-0"]
[Round "04"]
[TimeControl "180+1"]
[Date "2022.03.01"]
[WhiteClock "0:02:13"]
[BlackClock "0:00:47"]

1. e4 c5 2. Nf3 d6 3. d4 cxd4 4. Nxd4 Nf6 5. Nc3 Nc6 6. g3 e5 7. Nde2 Bg4 8. Bg2 Nd4 9. O-O Nxe2+ 10. Nxe2 Rc8 11. Qd3 Be7 12. Bg5 O-O 13. Bxf6 Bxf6 14. Nc3 Be6 15. Rfd1 Be7 16. h4 Qc7 17. Rd2 Rfd8 18. Nd5 Bxd5 19. Qxd5 Qb6 20. c3 Qc6 21. Qb3 b5 22. Rd5 a6 23. Rad1 1-0


[Site "https://www.chess.com"]

[Event "Titled Tuesday Blitz March 01 Late 2022"]
[White "Kim, Sergey"]
[Black "Janturin, Artur"]
[WhiteFideId "13700570"]
[BlackFideId "4130022"]
[WhiteElo "2611"]
[BlackElo "2333"]
[Result "1-0"]
[Round "04"]
[TimeControl "180+1"]
[Date "2022.03.02"]
[WhiteClock "0:01:03"]
[BlackClock "0:00:04"]

1. d4 e6 2. c4 b6 3. Nc3 Bb4 4. Qc2 Bb7 5. a3 Bxc3+ 6. Qxc3 f5 7. Nf3 Nf6 8. g3 O-O 9. Bg2 d6 10. O-O Nbd7 11. b3 Qe8 12. Bb2 Qh5 13. Rad1 Be4 14. b4 Rae8 15. a4 Ng4 16. h3 Ngf6 17. a5 g5 18. d5 e5 19. Ne1 Bxg2 20. Kxg2 f4 21. Qf3 Qg6 22. Qd3 e4 23. Qc3 Ne5 24. g4 h5 25. f3 Re7 26. Qb3 Rff7 27. Bxe5 Rxe5 28. Rh1 Rh7 29. Qc2 hxg4 30. fxg4 f3+ 31. exf3 exf3+ 32. Kxf3 Qf7 33. Kg2 Ne4 34. Rf1 Qe7 35. Nf3 1-0


[Site "https://www.chess.com"]

[Event "Titled Tuesday Blitz March 01 Late 2022"]
[White "Kollars, Dmitrij"]
[Black "Hjartarson, Johann"]
[WhiteFideId "12909572"]
[BlackFideId "2300044"]
[WhiteElo "2584"]
[BlackElo "2484"]
[Result "1-0"]
[Round "04"]
[TimeControl "180+1"]
[Date "2022.03.01"]
[WhiteClock "0:00:16"]
[BlackClock "0:00:30"]

1. e4 g6 2. d4 Bg7 3. Nf3 d6 4. Bc4 a6 5. c3 b5 6. Bd3 Bb7 7. a4 c6 8. O-O Nd7 9. Re1 e5 10. Nbd2 Ngf6 11. b3 Qc7 12. Bb2 O-O 13. Qc2 Rfe8 14. h3 Rac8 15. Rac1 Qb8 16. axb5 axb5 17. c4 exd4 18. Bxd4 c5 19. Bxf6 Nxf6 20. cxb5 d5 21. exd5 Nxd5 22. Rxe8+ Rxe8 23. Qxc5 Nf4 24. Bf1 Rc8 25. Qa3 Rxc1 26. Qxc1 Qd6 27. Nc4 Qf6 28. Nce5 Bxf3 29. Qc8+ Bf8 30. Nxf3 Kg7 31. g3 Nd5 32. Bg2 Nc3 33. Qc4 Bd6 34. b6 Bxg3 35. fxg3 Qxb6+ 36. Qd4+ 1-0


[Site "https://www.chess.com"]

[Event "Titled Tuesday Blitz March 01 Late 2022"]
[White "Koutlas, Nikolaos"]
[Black "Abdyzhapar, Asylbek"]
[WhiteFideId "25827138"]
[BlackFideId "13800337"]
[WhiteElo "2442"]
[BlackElo "2712"]
[Result "0-1"]
[Round "04"]
[TimeControl "180+1"]
[Date "2022.03.02"]
[WhiteClock "0:00:04"]
[BlackClock "0:01:19"]

1. e4 c5 2. Nf3 d6 3. Nc3 a6 4. a4 Nc6 5. Bc4 Nf6 6. O-O Bg4 7. h3 Bh5 8. Re1 e6 9. g4 Bg6 10. d3 Be7 11. Bf4 h5 12. g5 Nd7 13. h4 Nde5 14. Nxe5 dxe5 15. Bg3 Qd6 16. Ne2 f6 17. gxf6 gxf6 18. Kh2 O-O-O 19. Rg1 f5 20. f4 fxe4 21. fxe5 Nxe5 22. Nf4 Ng4+ 23. Kh1 Bf5 24. Qe2 exd3 25. cxd3 Qc6+ 26. Rg2 Bd6 27. Bxe6+ Bxe6 28. Qxe6+ Kb8 29. Ng6 Rhe8 30. Bxd6+ Rxd6 31. Qf7 Rxg6 0-1


[Site "https://www.chess.com"]

[Event "Titled Tuesday Blitz March 01 Late 2022"]
[White "Kozak, Adam"]
[Black "Guz, Ari"]
[WhiteFideId "753246"]
[BlackFideId "2825759"]
[WhiteElo "2459"]
[BlackElo "1913"]
[Result "1/2-1/2"]
[Round "04"]
[TimeControl "180+1"]
[Date "2022.03.01"]
[WhiteClock "0:00:02"]
[BlackClock "0:00:10"]

1. e4 c5 2. Nf3 e6 3. b3 Nc6 4. Bb2 Nf6 5. e5 Nd5 6. Nc3 Nxc3 7. Bxc3 Be7 8. Bd3 O-O 9. Qe2 f5 10. O-O-O Nb4 11. Kb1 Nxd3 12. Qxd3 b6 13. Ng1 Bb7 14. f3 a5 15. Ne2 a4 16. Nf4 Bg5 17. g3 Bc6 18. Qc4 axb3 19. axb3 Bxf4 20. Qxf4 Qc8 21. Kb2 Qb7 22. Rhf1 Ra7 23. Ra1 Rxa1 24. Rxa1 Bxf3 25. Qg5 Ra8 26. Rxa8+ Qxa8 27. Qe7 Bc6 28. d4 cxd4 29. Bxd4 b5 30. Bc5 Qc8 31. h4 Be4 32. h5 h6 33. c3 Bf3 34. Ka3 Bxh5 35. Kb4 Bf3 36. Qd6 Bc6 37. Qe7 Qa8 38. Bd6 Qc8 39. Bc5 Qa8 40. Bb6 Qb7 41. Qd8+ Kh7 42. Bc7 Qa6 43. Qe7 Qa7 44. Bd6 Qe3 45. c4 bxc4 46. bxc4 Qb6+ 47. Kc3 Qe3+ 48. Kb4 Qxg3 49. Ka5 f4 50. Qf7 f3 51. Kb6 f2 52. Bc5 f1=Q 53. Qxf1 Qxe5 54. Qd3+ Qf5 55. Qg3 g5 56. Bd6 h5 57. Kc7 h4 58. Qh2 h3 59. Qg3 Kh6 60. Be5 Kg6 61. Bd6 g4 62. Qh4 Qh5 63. Qe7 Qf5 64. Qd8 Qf7 65. Be5 Kf5 66. Bd6 Kg6 67. Qh4 Qf5 68. c5 e5 69. Qh8 e4 70. Be5 Qf7 71. Qh4 Kf5 72. Bd4 e3 73. Bxe3 Ke4 74. Bg5 Qf5 75. Be7 Qe5+ 76. Bd6 Qf5 77. Qe1+ Kd5 78. Qe3 Qe4 79. Qg5+ Kc4 80. Qd2 Qd3 81. Qc1+ Kd5 82. Qf4 Qe4 83. Qg5+ Kc4 84. Qc1+ Kd5 85. Kb6 Qb4+ 86. Kc7 Qe4 87. Kc8 Qe8+ 88. Kc7 Qe4 1/2-1/2


[Site "https://www.chess.com"]

[Event "Titled Tuesday Blitz March 01 Late 2022"]
[White "Krishnan, Varun"]
[Black "Quesada Perez, Yuniesky"]
[WhiteFideId "5054508"]
[BlackFideId "3504409"]
[WhiteElo "2606"]
[BlackElo "2622"]
[Result "1/2-1/2"]
[Round "04"]
[TimeControl "180+1"]
[Date "2022.03.01"]
[WhiteClock "0:00:22"]
[BlackClock "0:01:08"]

1. e4 c5 2. Nf3 e6 3. Nc3 Nc6 4. d4 cxd4 5. Nxd4 Qc7 6. Be2 Nf6 7. O-O Be7 8. Be3 d6 9. f4 O-O 10. Kh1 Nxd4 11. Bxd4 b6 12. Qe1 Bb7 13. Qg3 Rac8 14. Bd3 Nh5 15. Qh3 Nxf4 16. Rxf4 e5 17. Nd5 Bxd5 18. exd5 g6 19. Bc3 exf4 20. Qh6 f6 21. Bxg6 hxg6 22. Qxg6+ Kh8 23. Qh6+ Kg8 24. Qg6+ Kh8 25. Qh6+ Kg8 26. Qg6+ 1/2-1/2


[Site "https://www.chess.com"]

[Event "Titled Tuesday Blitz March 01 Late 2022"]
[White "Kulon, Klaudia"]
[Black "Kamsky, Gata"]
[WhiteFideId "1131044"]
[BlackFideId "2000024"]
[WhiteElo "2281"]
[BlackElo "2645"]
[Result "0-1"]
[Round "04"]
[TimeControl "180+1"]
[Date "2022.03.01"]
[WhiteClock "0:00:09"]
[BlackClock "0:00:41"]

1. c4 g6 2. g3 Bg7 3. Bg2 Nf6 4. Nc3 O-O 5. e3 c6 6. Nge2 d5 7. cxd5 cxd5 8. d4 Nc6 9. O-O e6 10. b3 Qe7 11. Bb2 Bd7 12. Qd2 Rfc8 13. Rfc1 Qd8 14. Nb5 Bf8 15. Nf4 a6 16. Nc3 Ne7 17. Nd3 Nf5 18. h3 Be8 19. g4 Nd6 20. Ne5 Rc7 21. f3 Rac8 22. Bf1 Nd7 23. Nd3 Bg7 24. Na4 Nb8 25. Nc3 a5 26. Ba3 Bf8 27. Bb2 b6 28. Kg2 Nc6 29. Ne2 Na7 30. Rxc7 Rxc7 31. Rc1 Rxc1 32. Qxc1 Qc8 33. Qxc8 Naxc8 34. Nc3 Na7 35. Nf4 Ndb5 36. Na4 Nc8 37. e4 dxe4 38. fxe4 Bg7 39. d5 Bxb2 40. Nxb2 e5 41. Nfd3 f6 42. Na4 Nbd6 43. Ndb2 Kf8 44. Kf3 Ke7 45. Nc3 b5 46. a4 b4 47. Nb1 Nb6 48. Nd2 Bd7 49. Ndc4 Ndxc4 50. Nxc4 Nxc4 51. Bxc4 Kd6 52. Ke3 Kc5 53. Be2 h6 54. Bf3 f5 55. gxf5 gxf5 56. h4 fxe4 57. Bxe4 Kd6 58. Kd3 Bc8 59. Bg2 Bb7 60. Bf1 Bxd5 61. Kc2 Kc5 62. Be2 Kd4 63. Bd1 Ke3 64. Bh5 e4 65. Bd1 Kf2 66. Kd2 e3+ 67. Kd3 Bxb3 68. Bxb3 e2 0-1


[Site "https://www.chess.com"]

[Event "Titled Tuesday Blitz March 01 Late 2022"]
[White "Ladan, Nicholas"]
[Black "Fus, Jakub"]
[WhiteFideId "30918855"]
[BlackFideId "1193023"]
[WhiteElo "2366"]
[BlackElo "2111"]
[Result "0-1"]
[Round "04"]
[TimeControl "180+1"]
[Date "2022.03.02"]
[WhiteClock "0:00:05"]
[BlackClock "0:00:25"]

1. d4 Nf6 2. Bf4 d5 3. e3 c5 4. Nf3 Nc6 5. Nbd2 cxd4 6. exd4 Qb6 7. Nb3 Bf5 8. c3 e6 9. Bd3 Bxd3 10. Qxd3 Be7 11. O-O O-O 12. Rfe1 Rac8 13. h3 a6 14. Re2 Ne4 15. Ne5 Nxe5 16. Bxe5 Rfe8 17. f3 Nd6 18. g4 Nc4 19. Bg3 a5 20. Rb1 a4 21. Nd2 Nxb2 22. Qe3 Bf6 23. Ne4 dxe4 24. Rexb2 Qc6 25. fxe4 Qxc3 26. Bf2 Qxe3 27. Bxe3 Rc3 28. Kf2 Rc4 29. e5 Bh4+ 30. Kf3 Rc3 31. Ke4 a3 32. Rxb7 h6 33. Ra7 Rd8 34. Rbb7 Rf8 35. Bd2 Rxh3 36. Bb4 Bg5 37. d5 exd5+ 38. Kxd5 Rd8+ 39. Bd6 Rf3 40. Rxa3 Rxa3 41. Kc6 Rxa2 42. Kc7 Rc2+ 43. Kb6 Rg2 44. Rc7 Rxg4 45. Rc5 h5 46. Kc6 h4 47. Rc3 Rg3 48. Rc2 h3 49. e6 Rxd6+ 50. Kxd6 fxe6 51. Kxe6 Rg2 52. Rc1 h2 53. Kf5 Bf6 54. Rh1 Kf7 55. Kf4 g5+ 56. Kf3 Ra2 57. Kg3 Kg6 58. Rxh2 Be5+ 59. Kg4 Bxh2 60. Kf3 Bb8 61. Kg4 Ra4+ 62. Kf3 g4+ 63. Kg2 Kf5 64. Kg1 Kf4 65. Kg2 0-1


[Site "https://www.chess.com"]

[Event "Titled Tuesday Blitz March 01 Late 2022"]
[White "Levine, David"]
[Black "Jaskolka, Tomasz"]
[WhiteFideId "2011611"]
[BlackFideId "1170791"]
[WhiteElo "2140"]
[BlackElo "2054"]
[Result "0-1"]
[Round "04"]
[TimeControl "180+1"]
[Date "2022.03.02"]
[WhiteClock "0:00:01"]
[BlackClock "0:00:07"]

1. d4 Nf6 2. c4 e6 3. g3 d5 4. Bg2 c6 5. Nf3 dxc4 6. O-O Be7 7. Ne5 Nbd7 8. Nxc4 Nb6 9. Ne5 O-O 10. Nc3 c5 11. dxc5 Bxc5 12. Bf4 Nbd5 13. Nxd5 Nxd5 14. Bxd5 exd5 15. Rc1 b6 16. Nd3 Bh3 17. Re1 Rc8 18. b4 Be7 19. Qb3 Qd7 20. Ne5 Qe6 21. Red1 g5 22. Rxc8 Rxc8 23. Nd3 Qe4 24. f3 Qxe2 25. Nf2 Rc2 26. Qe3 gxf4 27. Qxe2 Rxe2 28. Nxh3 fxg3 29. hxg3 Bxb4 30. Rxd5 Bc5+ 31. Kf1 Rxa2 32. Rd7 a5 33. Ng5 a4 34. Nxf7 Rf2+ 35. Ke1 Rxf3 36. Nh6+ Kf8 0-1


[Site "https://www.chess.com"]

[Event "Titled Tuesday Blitz March 01 Late 2022"]
[White "Li, Ben"]
[Black "Janaszak, Dawid"]
[WhiteFideId "2089980"]
[BlackFideId "1119206"]
[WhiteElo "2742"]
[BlackElo "2542"]
[Result "1-0"]
[Round "04"]
[TimeControl "180+1"]
[Date "2022.03.02"]
[WhiteClock "0:00:22"]
[BlackClock "0:00:05"]

1. d4 Nf6 2. c4 g6 3. Nc3 Bg7 4. e4 d6 5. Nf3 O-O 6. h3 c5 7. d5 e6 8. Bd3 exd5 9. exd5 Re8+ 10. Be3 Rxe3+ 11. fxe3 Qe7 12. O-O Nbd7 13. Qd2 Nh5 14. g4 Nhf6 15. Rf2 Ne5 16. Nxe5 Qxe5 17. Kg2 Bd7 18. Raf1 Rf8 19. Ne2 Ne4 20. Bxe4 Qxe4+ 21. Kg1 Qxc4 22. b3 Qe4 23. Ng3 Qe5 24. Rf3 b5 25. Kh2 c4 26. bxc4 bxc4 27. e4 c3 28. Qf2 Qd4 29. Rxf7 Qxf2+ 30. R7xf2 Rb8 31. Ne2 Rb2 32. Kg2 Bb5 33. Re1 c2 34. Nc1 Bd4 35. Rf3 a6 36. Rb3 Bc4 37. Rxb2 Bxb2 38. Kf3 Kg7 39. Ke3 Bc3 40. Rh1 g5 41. Rh2 Be5 42. Rxc2 Bf4+ 43. Kf3 Bf1 44. Ne2 Bxh3 45. Nxf4 gxf4 46. Kxf4 Bf1 47. Rc6 Bb5 48. Rxd6 1-0


[Site "https://www.chess.com"]

[Event "Titled Tuesday Blitz March 01 Late 2022"]
[White "Makarian, Rudik"]
[Black "Hua, Lefong"]
[WhiteFideId "44105681"]
[BlackFideId "2602253"]
[WhiteElo "2486"]
[BlackElo "2578"]
[Result "1/2-1/2"]
[Round "04"]
[TimeControl "180+1"]
[Date "2022.03.01"]
[WhiteClock "0:00:04"]
[BlackClock "0:00:14"]

1. e4 c5 2. Nf3 g6 3. h4 Nf6 4. Nc3 d6 5. e5 dxe5 6. Nxe5 Nbd7 7. d4 cxd4 8. Qxd4 Nxe5 9. Qxe5 Bg7 10. Bb5+ Bd7 11. Bg5 Bxb5 12. Qxb5+ Qd7 13. Qxd7+ Kxd7 14. O-O-O+ Kc6 15. Rhe1 e6 16. Ne4 Nxe4 17. Rxe4 b5 18. c4 Rac8 19. Kb1 a6 20. Be7 Rhe8 21. cxb5+ axb5 22. Bb4 Red8 23. Rxd8 Rxd8 24. Kc2 Rd4 25. Rxd4 Bxd4 26. Be1 h5 27. b3 e5 28. a4 bxa4 29. bxa4 e4 30. f3 exf3 31. gxf3 f6 32. Kd3 Bc5 33. Ke4 Kd6 34. a5 Ke6 35. a6 g5 36. hxg5 fxg5 37. Bd2 h4 38. Be3 h3 39. Bxc5 h2 40. a7 h1=Q 41. a8=Q Qb1+ 42. Kd4 Qd1+ 43. Kc4 Qe2+ 44. Kc3 Qe1+ 45. Kc4 Qe2+ 46. Kb4 Qb2+ 47. Ka4 Qa2+ 48. Ba3 Qc4+ 49. Ka5 Qc3+ 50. Kb6 Qb3+ 51. Kc7 Qc4+ 52. Kb6 Qb3+ 53. Kc7 Qc4+ 54. Kb8 Qb5+ 55. Kc8 Qd7+ 56. Kb8 Qd8+ 57. Ka7 Qa5+ 58. Kb7 Qd5+ 59. Kb8 Qd8+ 60. Kb7 Qd5+ 61. Ka7 Qa5+ 62. Kb8 Qd8+ 1/2-1/2


[Site "https://www.chess.com"]

[Event "Titled Tuesday Blitz March 01 Late 2022"]
[White "Maksimovic, Bojan"]
[Black "Rangel, Daniel"]
[WhiteFideId "14408120"]
[BlackFideId "2124475"]
[WhiteElo "2725"]
[BlackElo "2471"]
[Result "1-0"]
[Round "04"]
[TimeControl "180+1"]
[Date "2022.03.02"]
[WhiteClock "0:01:25"]
[BlackClock "0:00:17"]

1. a3 Nf6 2. c4 g6 3. b4 Bg7 4. Bb2 O-O 5. g3 c6 6. Bg2 d5 7. cxd5 cxd5 8. Nf3 a5 9. bxa5 Nc6 10. O-O Nxa5 11. d3 Nc6 12. Nbd2 Re8 13. Ne5 Qd6 14. Nxc6 Qxc6 15. Qb3 e6 16. Rfc1 Qa4 17. Qxa4 Rxa4 18. Nb3 Ra8 19. a4 Bd7 20. a5 Bc6 21. a6 Nd7 22. Bxg7 Kxg7 23. Nd4 Rec8 24. e4 dxe4 25. Nxc6 bxc6 26. Bxe4 Ra7 27. Rxc6 Rxc6 28. Bxc6 Nc5 29. Bb5 Kf6 30. f4 Ke7 31. Kf2 Kd6 32. Ke3 Kc7 33. d4 Kb6 34. dxc5+ Kxc5 35. Be2 1-0


[Site "https://www.chess.com"]

[Event "Titled Tuesday Blitz March 01 Late 2022"]
[White "Maltsevskaya, Aleksandra"]
[Black "Jones, Gawain C B"]
[WhiteFideId "24174041"]
[BlackFideId "409561"]
[WhiteElo "2283"]
[BlackElo "2657"]
[Result "1/2-1/2"]
[Round "04"]
[TimeControl "180+1"]
[Date "2022.03.01"]
[WhiteClock "0:00:05"]
[BlackClock "0:00:07"]

1. e4 e5 2. Nf3 Nc6 3. Bb5 a6 4. Ba4 Nf6 5. O-O d6 6. Nc3 b5 7. Bb3 Bg4 8. h3 Bh5 9. g4 Nxg4 10. hxg4 Bxg4 11. d4 exd4 12. Bd5 Qd7 13. Bxc6 Qxc6 14. Nxd4 Qd7 15. f3 Bh3 16. Rf2 g6 17. Nd5 Bg7 18. Bh6 O-O 19. Bxg7 Kxg7 20. Rh2 Rae8 21. Qd2 f6 22. Nf4 c5 23. Nde2 Be6 24. Nxe6+ Rxe6 25. Qh6+ Kg8 26. Nf4 Re5 27. Kh1 Qg7 28. Qh3 f5 29. Rg1 Re7 30. exf5 Rxf5 31. Qxf5 gxf5 32. Rxg7+ Kxg7 33. Rh5 Re1+ 34. Kg2 Rc1 35. c3 Rc2+ 36. Kg3 Rxb2 37. Rxf5 Rxa2 38. Nd5 a5 39. Nf4 Rc2 40. Rd5 Rxc3 41. Rxd6 b4 42. Rd7+ Kg8 43. Nd5 Rc1 44. Nf6+ Kf8 45. Nxh7+ Ke8 46. Nf6+ Kf8 47. Nh7+ Kg8 48. Nf6+ Kf8 49. Nh7+ 1/2-1/2


[Site "https://www.chess.com"]

[Event "Titled Tuesday Blitz March 01 Late 2022"]
[White "Martin Barcelo, Carles"]
[Black "Rudykh, Stepan"]
[WhiteFideId "24561444"]
[BlackFideId "4180321"]
[WhiteElo "1875"]
[BlackElo "2112"]
[Result "1-0"]
[Round "04"]
[TimeControl "180+1"]
[Date "2022.03.02"]
[WhiteClock "0:00:03"]
[BlackClock "0:00:12"]

1. e4 e6 2. d4 d5 3. Bd3 c5 4. exd5 exd5 5. Nf3 Nf6 6. O-O Be7 7. dxc5 O-O 8. a3 Bxc5 9. b4 Bb6 10. Bb2 Bg4 11. Nbd2 Nc6 12. h3 Bh5 13. Re1 Rc8 14. Nf1 Nd4 15. g4 Nxf3+ 16. Qxf3 Bg6 17. Rad1 Re8 18. Bxf6 Qxf6 19. Qxf6 gxf6 20. Rxe8+ Rxe8 21. Bb5 Re5 22. Rd2 a6 23. Ba4 h5 24. Kg2 hxg4 25. hxg4 Re1 26. Bb3 Be4+ 27. f3 Bxf3+ 28. Kxf3 Rxf1+ 29. Kg3 Rg1+ 30. Kf3 Rf1+ 31. Kg2 Rg1+ 32. Kh3 Bc7 33. Bxd5 Rg3+ 34. Kh4 Rg1 35. Kh3 Kg7 36. Bg2 Be5 37. c4 Ra1 38. Rd3 Bb2 39. Bxb7 Bxa3 40. b5 axb5 41. cxb5 Bc5 42. Bc6 Rb1 43. Kg2 Bb6 44. Kf3 Kg6 45. Rd7 Rb3+ 46. Ke2 Rb4 47. Kf3 Bc5 48. Rd5 Rb3+ 49. Ke2 Bb6 50. Rd7 Re3+ 51. Kd2 Rb3 52. Bd5 Ba5+ 53. Kc2 Rxb5 54. Bxf7+ Kg5 55. Be6 Rc5+ 56. Kd3 Rc6 57. Bf5 Kf4 58. Rd4+ Kg5 59. Rd7 Rc3+ 60. Ke2 Kf4 61. Rd4+ Ke5 62. Re4+ Kd5 63. Re8 Rg3 64. Kf2 Bc7 65. Re7 Bd6 66. Rd7 Ra3 67. Rf7 Ke5 68. Kg2 Ra2+ 69. Kf3 Ra3+ 70. Ke2 Kf4 71. Rd7 Be5 72. Rd1 Ra2+ 73. Kd3 Ra3+ 74. Ke2 Ra2+ 75. Kd3 Ra4 76. Rf1+ Kg5 77. Rh1 Rd4+ 78. Ke3 Rb4 79. Rh5# 1-0


[Site "https://www.chess.com"]

[Event "Titled Tuesday Blitz March 01 Late 2022"]
[White "Martins, Carlos"]
[Black "Winkels, Marcel"]
[WhiteFideId "2101688"]
[BlackFideId "1003887"]
[WhiteElo "2183"]
[BlackElo "1900"]
[Result "1-0"]
[Round "04"]
[TimeControl "180+1"]
[Date "2022.03.02"]
[WhiteClock "0:00:16"]
[BlackClock "0:00:27"]

1. e4 c5 2. Nf3 d6 3. d4 cxd4 4. Nxd4 Nf6 5. Nc3 a6 6. Bg5 Nbd7 7. f4 Qc7 8. Qf3 b5 9. O-O-O Bb7 10. a3 h6 11. Bh4 g6 12. Nd5 Bxd5 13. exd5 Bg7 14. Nc6 O-O 15. Nxe7+ Kh7 16. Nc6 Rac8 17. Bd3 Nb8 18. Nxb8 Rxb8 19. g4 a5 20. g5 Nd7 21. Kb1 b4 22. a4 b3 23. cxb3 Nc5 24. Bc4 Nxa4 25. f5 Bxb2 26. Qd3 Be5 27. Rc1 Nc5 28. Qh3 a4 29. Bg3 Nxb3 30. Qxh6+ Kg8 31. Bxe5 Nd2+ 32. Ka1 dxe5 33. f6 1-0


[Site "https://www.chess.com"]

[Event "Titled Tuesday Blitz March 01 Late 2022"]
[White "Medeiros Jr, Francisco De Assis"]
[Black "Goryachkina, Aleksandra"]
[WhiteFideId "2114267"]
[BlackFideId "4147103"]
[WhiteElo "1998"]
[BlackElo "2426"]
[Result "0-1"]
[Round "04"]
[TimeControl "180+1"]
[Date "2022.03.02"]
[WhiteClock "0:00:01"]
[BlackClock "0:00:03"]

1. d4 e6 2. Nf3 c5 3. c3 Nf6 4. Bg5 h6 5. Bh4 b6 6. Nbd2 Bb7 7. e3 Be7 8. Bd3 O-O 9. O-O d6 10. Qe2 Nbd7 11. Ba6 Qc7 12. Bxb7 Qxb7 13. Rfe1 Rfe8 14. a3 Nf8 15. Rac1 Ng6 16. Bg3 b5 17. e4 Rac8 18. e5 dxe5 19. Nxe5 Nf8 20. dxc5 Bxc5 21. Rcd1 Red8 22. Ndf3 a6 23. Rxd8 Rxd8 24. Rd1 Rxd1+ 25. Qxd1 Ne4 26. Qd3 f6 27. Ng4 f5 28. Ne3 Qb6 29. Nd4 Bxd4 30. cxd4 Ng6 31. d5 Nc5 32. Qc2 exd5 33. Qxf5 d4 34. Qd5+ Kh7 35. Qxd4 Qc6 36. h3 Ne4 37. Kh2 Nxg3 38. fxg3 Qe6 39. Ng4 Qe2 40. Qc3 Qe4 41. Qf3 Qe6 42. Qf2 Qd5 43. Qf3 Qe6 44. Qc3 Qe4 45. Ne3 Ne5 46. Nf1 Nd3 0-1


[Site "https://www.chess.com"]